 Dungeon Crawl Stone Soup version 0.30-a0-1094-g860fb061e7 (webtiles) character file.

Game seed: 6757717163848576056

7278 jasper the Covert (level 11, -14/56 HPs)
             Began as a Vine Stalker Brigand on Apr 17, 2023.
             Was a Follower of Uskayaw.
             Killed from afar by a green death (23 damage)
             ... with a poison arrow
             ... on level 2 of the Abyss.
             The game lasted 00:17:30 (8841 turns).

jasper the Covert (Vine Stalker Brigand)            Turns: 8841, Time: 00:17:30

Health: -14/56     AC: 12    Str: 13    XL:     11   Next: 12%
Magic:  0/16       EV: 16    Int: 11    God:    Uskayaw [*.....]
Gold:   846        SH:  6    Dex: 27    Spells: 10/10 levels left

rFire   . . .      SeeInvis .    O - +7 Spriggan's Knife {stab, EV+4 Stlth+}
rCold   . . .      Faith    .    E - +0 buckler
rNeg    + . .      Spirit   +    o - +0 scale mail
rPois   .          Reflect  .    u - +0 helmet
rElec   .          Rampage  .    c - +0 cloak
rCorr   .                        (no gloves)
Will    +....                    f - +1 pair of boots {Fly}
Stlth   +++++                    (no amulet)
HPRegen 1.09/turn                p - ring of positive energy
MPRegen 0.15/turn                J - +6 ring of dexterity

@: lethally poisoned (-14 -> -61), about to teleport, flying
A: fangs 3, regeneration 1, magic shield, antimagic bite, no potion heal 2
a: Renounce Religion, Stomp


You were on level 2 of the Abyss.
You worshipped Uskayaw.
Uskayaw was noncommittal.
You visited 3 branches of the dungeon, and saw 12 of its levels.
You visited the Abyss 1 time.
You also visited: Sewer and Bailey.

You collected 846 gold pieces.

Inventory:

Hand Weapons
 a - a +3 dagger
 O - the +7 Spriggan's Knife (weapon) {stab, EV+4 Stlth+}
   (You acquired it on level 9 of the Dungeon)

   Stab:      It is more effective when stabbing unaware enemies, sometimes
   treating them as though they were completely helpless.
   EV:        It affects your evasion (+4).
   Stlth:     It makes you more stealthy.
Missiles
 d - 50 poisoned darts (quivered)
 i - 5 javelins
 k - 2 curare-tipped darts
 q - a throwing net
 v - 6 silver javelins
 z - 2 boomerangs
Armour
 b - a +0 robe
 c - a +0 cloak (worn)
 f - a +1 pair of boots of flying (worn)
 o - a +0 scale mail (worn)
 u - a +0 helmet (worn)
 E - a +0 buckler (worn)
 L - a +0 kite shield
Jewellery
 p - a ring of positive energy (left hand)
 I - a ring of protection from fire
 J - a +6 ring of dexterity (right hand)
Wands
 r - a wand of paralysis (9)
 y - a wand of polymorph (5)
 G - a wand of flame (3)
Scrolls
 e - 4 scrolls of enchant weapon
 s - a scroll of magic mapping
 A - a scroll of amnesia
 N - 5 scrolls of enchant armour
Potions
 g - 3 potions of curing
 h - 6 potions of haste
 j - 2 potions of might
 l - 4 potions of mutation
 m - a potion of degeneration
 n - 2 potions of experience
 w - 2 potions of heal wounds
 x - a potion of flight
 B - a potion of attraction {unknown}
 H - 3 potions of lignification {unknown}
 K - 3 potions of invisibility {unknown}
 M - 3 potions of cancellation {unknown}


   Skills:
 * Level 6.1 Fighting
 * Level 8.1 Short Blades
 - Level 1.7 Throwing
 + Level 5.1 Armour
 + Level 5.1 Dodging
 + Level 9.5 Stealth
 + Level 3.2 Shields
 + Level 5.9 Invocations


You had 10 spell levels left.
You didn't know any spells.
Your spell library contained the following spells:

 Spells                   Type           Power      Damage    Failure   Level
 Magic Dart               Conj           0%         1d3       89%         1
 Sandblast                Erth           0%         2d4       89%         1
 Blink                    Tloc           0%         N/A       96%         2
 Call Imp                 Summ           0%         N/A       96%         2
 Ensorcelled Hibernation  Hex/Ice        0%         N/A       96%         2
 Lesser Beckoning         Tloc           0%         N/A       96%         2
 Momentum Strike          Conj/Tloc      0%         3d8       96%         2
 Passwall                 Tmut/Erth      0%         N/A       96%         2
 Mephitic Cloud           Conj/Pois/Air  0%         N/A       99%         3
 Stone Arrow              Conj/Erth      0%         3d7       99%         3
 Swiftness                Air            0%         N/A       99%         3


Dungeon Overview and Level Annotations

Branches:
Dungeon (10/15)            Temple (1/1) D:4            Lair (1/5) D:8
  Sewer (visited)          Bailey (visited)
    Orc: D:9-12

Altars:
Cheibriados
Dithmenos
Fedhas
Gozag
Hepliaklqana
Kikubaaqudgha
Makhleb
Nemelex Xobeh
Qazlal
Ru
Sif Muna
Trog
Uskayaw
Vehumet
Yredelemnul
Zin
The Shining One
Jiyva

Annotations:
D:7 2 transporters, Sleet's ghost, novice TrFi
D:9 3 runed translucent doors, Rudyous's ghost, novice DEFE


Innate Abilities, Weirdness & Mutations

You have razor-sharp teeth.
Your natural rate of healing is unusually fast.
When hurt, damage is shared between your health and your magic reserves.
Your bite disrupts and absorbs the magic of your enemies.
Potions cannot restore your health.


Message History

A starcursed mass comes into view.
Found a gateway leading deeper into the Abyss.
A starcursed mass splits.
A starcursed mass splits.
A chorus of shrieks assaults your mind.
You take 4 damage, and have 52/56 hp.
You now have 14/16 mp.
A chorus of shrieks assaults your mind.
You take 3 damage, and have 50/56 hp.
You now have 12/16 mp.
A starcursed mass splits. x2
A green death comes into view.
A starcursed mass splits.
Health restored: 56
Found a gateway leading deeper into the Abyss.
As you read the scroll of teleportation, it crumbles to dust.
You feel strangely unstable.
You feel the power of the Abyss delaying your translocation!
The green death roars!
The starcursed mass shrieks in your mind.
You take 6 damage, and have 50/56 hp.
You now have 12/16 mp.
The starcursed mass shrieks in your mind.
You take 4 damage, and have 46/56 hp.
A large abomination comes into view.
The green death gestures at you. The blast of poison engulfs you!
You are poisoned.
You take 5 damage, and have 42/56 hp.
You now have 11/16 mp.
You are engulfed in poison gas.
You are more poisoned.
You feel very sick. The green death gestures at you.
The blast of poison engulfs you!
You are more poisoned.
You take 21 damage, and have 21/56 hp.
MASSIVE DAMAGE!!
You now have 7/16 mp.
You are engulfed in poison gas.
You are more poisoned.
* * * LOW HITPOINT WARNING * * *
You feel extremely sick. The green death gestures at you.
The poison arrow hits you!!
You are more poisoned.
You die...

##... .... ...
# ##... ... .X
.... ... ..
#..# ..#
..#.##..##..##.
......○○○○.....
#○☼@○○.....
#○§○##..##.
#.§○# # ..X#°☼○
##..#°..☼ .X.
2..##. X##
.#..# .. #....
.. #... ..


You could see 3 starcursed masses and a green death.

Vanquished Creatures
  An orc knight (Bailey)
  A cyclops (D:9)
  A kobold demonologist (D:9)
  A troll (D:9)
  Prince Ribbit (D:8)
  A wyvern (D:8)
  A yak (D:8)
  A steam dragon (D:8)
  6 water moccasins
  4 ice beasts
  9 orc warriors
  3 sky beasts
  An ogre (D:5)
  2 centaurs
  A phantom (D:5)
  4 kobold brigands
  Blork the orc (D:6)
  4 bullfrogs
  A gnoll sergeant (D:8)
  13 wights
  13 killer bees
  An electric eel (Lair:1)
  3 howler monkeys (D:8)
  A jelly (D:5)
  3 hounds
  3 orc priests
  2 sleepcaps
  6 iguanas
  7 orc wizards
  7 gnolls
  8 adders
  4 river rats (Sewer)
  2 shadow imps
  An ufetubus (D:5)
  5 worms
  A dart slug (D:4)
  47 orcs
  6 bats
  5 endoplasms
  7 giant cockroaches (D:4)
  8 goblins
  5 hobgoblins
  3 jackals (D:1)
  2 quokkas (D:4)
  8 ball pythons
  2 frilled lizards
  17 kobolds
  8 rats
242 creatures vanquished.

Vanquished Creatures (others)
  An orc wizard (D:6)
1 creature vanquished.

Grand Total: 243 creatures vanquished

Notes
Turn   | Place    | Note
-------+----------+-------------------------------------------
     0 | D:1      | jasper the Vine Stalker Brigand began the quest for the
                  | Orb.
     0 | D:1      | Reached XP level 1. HP: 11/11 MP: 2/2
   279 | D:1      | Found a faded altar of an unknown god.
   476 | D:1      | Reached XP level 2. HP: 11/15 MP: 3/3
   614 | D:1      | Reached skill level 1 in Dodging
   619 | D:1      | Reached skill level 5 in Stealth
  1382 | D:1      | Identified a scroll of acquirement
  1382 | D:1      | Acquired a +1 pair of boots of flying
  1471 | D:2      | Reached XP level 3. HP: 18/18 MP: 4/4
  2301 | D:3      | Reached skill level 1 in Armour
  2424 | D:3      | You are sucked into a shaft and drop 1 floor!
  2441 | D:4      | Found a blossoming altar of Fedhas.
  2524 | D:4      | Gained mutation: Your natural rate of healing is unusually
                  | fast. [Vine Stalker growth]
  2524 | D:4      | Reached XP level 4. HP: 23/23 MP: 5/5
  2524 | D:4      | Found a glowing golden altar of the Shining One.
  2674 | D:4      | Found a staircase to the Ecumenical Temple.
  2684 | Temple   | Entered the Ecumenical Temple
  2697 | Temple   | Became a worshipper of Uskayaw the Reveller
  2719 | D:4      | Reached * piety under Uskayaw
  2734 | D:4      | Identified the +9 quarterstaff "Perosaut" {venom, Str+2
                  | Int-2 Stlth+}
  2799 | D:4      | Reached XP level 5. HP: 27/27 MP: 6/6
  2814 | D:4      | Found a glowing drain.
  2826 | D:4      | Reached ** piety under Uskayaw
  2840 | Sewer    | Entered a sewer
  2882 | Sewer    | Noticed a kobold brigand
  2911 | Sewer    | Reached *** piety under Uskayaw
  2912 | Sewer    | Killed a kobold brigand
  2990 | Sewer    | Reached XP level 6. HP: 26/32 MP: 5/7
  3575 | Sewer    | Reached skill level 6 in Stealth
  3575 | Sewer    | Reached skill level 1 in Invocations
  4010 | D:5      | Entered Level 5 of the Dungeon
  4105 | D:5      | Reached XP level 7. HP: 36/36 MP: 9/9
  4532 | D:5      | Gained mutation: You have razor-sharp teeth. [Vine Stalker
                  | growth]
  4532 | D:5      | Reached XP level 8. HP: 36/40 MP: 10/10
  4857 | D:6      | Found a burning altar of Makhleb.
  4901 | D:6      | Reached skill level 5 in Short Blades
  4901 | D:6      | Reached **** piety under Uskayaw
  4904 | D:6      | Reached ***** piety under Uskayaw
  4905 | D:6      | Reached skill level 7 in Stealth
  4917 | D:6      | Reached ****** piety under Uskayaw
  5165 | D:6      | Reached XP level 9. HP: 34/45 MP: 10/12
  5251 | D:6      | Noticed Blork the orc
  5258 | D:6      | Killed Blork the orc
  5696 | D:7      | Noticed Sleet's ghost (novice TrFi)
  5922 | D:7      | Found a transporter.
  6108 | D:7      | Found a transporter.
  6203 | D:7      | Noticed a moth of wrath
  6409 | D:7      | Reached skill level 8 in Stealth
  6674 | D:8      | Reached skill level 5 in Fighting
  6685 | D:8      | Reached skill level 1 in Shields
  6685 | D:8      | Reached XP level 10. HP: 51/51 MP: 14/14
  7234 | D:8      | Found a staircase to the Lair.
  7296 | D:8      | Found a shadowy altar of Dithmenos.
  7344 | D:8      | Noticed Prince Ribbit
  7360 | D:8      | Killed Prince Ribbit
  7361 | D:8      | Reached skill level 5 in Invocations
  7365 | D:8      | Identified the +8 trident of Honour {heavy, Str+3}
  7589 | Lair:1   | Entered Level 1 of the Lair of Beasts
  7715 | D:9      | Found a snail-covered altar of Cheibriados.
  7760 | D:9      | Noticed a cyclops
  7762 | D:9      | Found a flagged portal.
  7777 | D:9      | Killed a cyclops
  7778 | D:9      | Reached skill level 9 in Stealth
  7785 | Bailey   | Entered a bailey
  8000 | Bailey   | Noticed an orc knight
  8030 | Bailey   | Killed an orc knight
  8217 | D:9      | Found a basalt altar of Yredelemnul.
  8224 | D:9      | Found a snail-covered altar of Cheibriados.
  8226 | D:9      | Acquired the +7 Spriggan's Knife {stab, EV+4 Stlth+}
  8226 | D:9      | Found the +7 Spriggan's Knife {stab, EV+4 Stlth+}
  8237 | D:9      | Found a bloodstained altar of Trog.
  8267 | D:9      | Reached skill level 5 in Armour
  8267 | D:9      | Reached skill level 5 in Dodging
  8267 | D:9      | Reached XP level 11. HP: 56/56 MP: 16/16
  8276 | D:9      | Found a runed translucent gate.
  8283 | D:9      | Found a runed translucent gate.
  8283 | D:9      | Found a runed translucent gate.
  8286 | D:9      | Noticed Rudyous's ghost (novice DEFE)
  8292 | D:9      | Found a viscous altar of Jiyva.
  8294 | D:9      | Found a radiant altar of Vehumet.
  8666 | D:10     | Entered Level 10 of the Dungeon
  8721 | D:10     | Noticed a wizard
  8757 | Abyss:2  | Cast into level 2 of the Abyss (a wizard)
  8767 | Abyss:2  | Noticed a white very ugly thing
  8783 | Abyss:2  | Found an ancient bone altar of Kikubaaqudgha.
  8786 | Abyss:2  | Found a corrupted altar of Lugonu.
  8819 | Abyss:2  | Noticed a starcursed mass
  8831 | Abyss:2  | Noticed a green death
  8841 | Abyss:2  | Killed from afar by a green death

Illustrated notes

Levels and vault maps discovered:
D:1:      kilobyte_arrival_exit_the_forest, layout_basic,
          basic_ecumenical_altar, solitary_fountain
D:2:      layout_basic, minmay_tetromino_o2
D:3:      layout_loops_ring, chequers_temple_overflow_minitemple,
          minmay_misc_feat_ornament, amcnicky_mini_pool_small, minivault_25,
          corexii_corridor_pit, hangedman_decor_growths
D:4:      layout_rooms, fedhas_altar_2, nicolae_tso_carved_into_rock,
          temple_statues, gup_sewer_entry_pipe
D:5:      layout_loops_ring
D:6:      layout_basic, amcnicky_altar_gilded, uniq_blork_the_orc
D:7:      layout_basic, gammafunk_ghost_berserking_beasts
D:8:      layout_basic, grunt_dithmenos_smoke_and_mirrors, lair_entry_dummy,
          minmay_starry_boxes, uniq_prince_ribbit1
D:9:      layout_cave_pools, nicolae_overflow_hidden_temple,
          gammafunk_ghost_ooze, enter_bailey_1, minmay_misc_feat_room,
          hangedman_feature_mirror
D:10:     layout_basic, serial_curves, eino_curves_01, eino_curves_03
Temple:   nicolae_temple_ecumenical_triangle
Lair:1:   layout_long_grid, ebering_ghost_funeral_grove,
          infiniplex_staircase_pool
Abyss:2:  base: D:5, minivault_22, evilmike_abyss_exit_vortex,
          eino_small_chamber_without_monster

Skill      XL: |  1  2  3  4  5  6  7  8  9 10 11 |
---------------+----------------------------------+-----
Short Blades   | 2 3 4 5 7 8 |  8.1
Dodging        | 1 2 3 4 5 |  5.1
Fighting       | 2 3 4 5 6 |  6.1
Stealth        | 5 6 7 8 9 |  9.5
Armour         | 1 2 3 4 5 |  5.1
Invocations    | 1 2 3 4 5 |  5.9
Shields        | 1 2 3 |  3.2
Throwing       | |  1.7

Action                     |  1- 3 |  4- 6 |  7- 9 | 10-12 || total
---------------------------+-------+-------+-------+-------++-------
  Melee: Dagger            |    71 |   162 |   320 |   239 ||   792
         Bite              |    12 |    51 |   126 |   102 ||   291
         Punch             |     2 |     4 |     7 |       ||    13
         Knife             |       |       |       |    44 ||    44
  Throw: Dart              |    15 |    22 |    17 |     4 ||    58
         Javelin           |       |       |       |     2 ||     2
 Invoke: Stomp             |       |       |     1 |       ||     1
         Line Pass         |       |       |       |     1 ||     1
  Evoke: Wand              |       |       |     2 |    12 ||    14
    Use: Scroll            |     7 |     1 |     3 |    11 ||    22
         Potion            |       |       |       |     1 ||     1
   Stab: Sleeping          |     8 |     5 |     6 |     5 ||    24
         Distracted        |     1 |       |       |       ||     1
         Paralysed         |       |     1 |     9 |    17 ||    27
 Armour: Robe              |    22 |    31 |       |       ||    53
         Scale mail        |       |     2 |   105 |    79 ||   186
  Dodge: Dodged            |    48 |    56 |   115 |   150 ||   369
  Block: Buckler           |       |       |     6 |    85 ||    91

Table legend: (Time is in decaauts)
 A = Elapsed time spent in this place.
 B = Non-inter-level travel time spent in this place.
 C = Inter-level travel time spent in this place.
 D = Time resting spent in this place.
 E = Time spent auto-exploring this place.
 F = Levels seen in this place.
 G = Mean time per level.
                   A        B        C        D        E       F      G
               +--------+--------+--------+--------+--------+-----+--------+
         Total |   8611 |   8317 |    294 |    155 |   6227 |  15 |  574.1 |
       Dungeon |   7284 |   7002 |    282 |    148 |   5460 |  10 |  728.4 |
        Temple |     26 |     14 |     12 |      0 |      6 |   1 |   26.0 |
          Lair |     14 |     14 |      0 |      0 |      0 |   1 |   14.0 |
         Abyss |     83 |     83 |      0 |      0 |      9 |   1 |   83.0 |
         Sewer |    840 |    840 |      0 |      7 |    536 |   1 |  840.0 |
        Bailey |    361 |    361 |      0 |      0 |    216 |   1 |  361.0 |
               +--------+--------+--------+--------+--------+-----+--------+

Top non-repeatable levels by time:
     D:1: 1458 daAuts
     D:8: 1069 daAuts
   Sewer: 840 daAuts
     D:6: 821 daAuts
     D:5: 800 daAuts
     D:2: 790 daAuts
     D:7: 784 daAuts
     D:4: 682 daAuts
     D:9: 622 daAuts
  Bailey: 361 daAuts
     D:3: 169 daAuts
    D:10: 84 daAuts
 Abyss:2: 83 daAuts
  Temple: 26 daAuts
  Lair:1: 14 daAuts
